 Dungeon Crawl Stone Soup version 0.25.0-1-g7eea58d2a3 (webtiles) character file.

Game seed: 3369248223892321854

248 Acheron the Magician (level 6, -2/30 HPs)
             Began as a Vine Stalker Wizard on June 13, 2020.
             Slain by a hippogriff (5 damage)
             ... on level 6 of the Dungeon.
             The game lasted 00:28:21 (3332 turns).

Acheron the Magician (Vine Stalker Wizard)          Turns: 3332, Time: 00:28:24

Health: -2/30      AC:  7    Str:  9    XL:     6   Next: 12%
Magic:  0/13       EV: 10    Int: 20    God:
Gold:   132        SH:  0    Dex: 13    Spells: 5/13 levels left

rFire    . . .     SeeInvis .   i - +3 rapier (flame)
rCold    . . .     Gourm    .   (no shield)
rNeg     . . .     Faith    .   l - +0 ring mail
rPois    .         Spirit   +   r - +2 hat
rElec    .         Reflect  .   (no cloak)
rCorr    .         Harm     .   (no gloves)
MR       .....                  (no boots)
Stlth    ++........             (no amulet)
HPRegen  0.50/turn              (no ring)
MPRegen  0.13/turn              (no ring)

@: mighty
A: fangs 2, regeneration 1, magic shield, antimagic bite, no potion heal 3, rot
immunity
a: no special abilities


You were on level 6 of the Dungeon.
You were not hungry.

You visited 1 branch of the dungeon, and saw 7 of its levels.

You collected 132 gold pieces.

Inventory:

Hand Weapons
 c - a +2 dagger of speed
 i - a +3 rapier of flaming (weapon)
 q - a +1 whip of electrocution
Missiles
 e - 39 stones (quivered)
 k - 15 sling bullets
Armour
 b - a +0 leather armour
 l - a +0 ring mail (worn)
 r - a +2 hat (worn)
Wands
 a - a wand of flame (17)
 j - a wand of polymorph (5)
Potions
 f - a potion of curing {unknown}
 h - 2 potions of resistance
 m - a potion of heal wounds {unknown}
 n - a potion of degeneration {unknown}
 o - a potion of lignification
Comestibles
 d - 8 rations
 g - 2 chunks of flesh


   Skills:
 * Level 1.5 Fighting
 * Level 2.0 Short Blades
 * Level 0.8 Armour
 * Level 2.1 Dodging
 * Level 3.1 Stealth
 + Level 1.0 Unarmed Combat
 * Level 4.1 Spellcasting
 * Level 2.0 Conjurations
 * Level 1.5 Summonings
 * Level 1.4 Translocations
 * Level 0.4 Fire Magic


You had 5 spell levels left.
You knew the following spells:

 Your Spells              Type           Power        Failure   Level  Hunger
a - Magic Dart            Conj           ##..         16%         1    None
b - Blink                 Tloc           N/A          30%         2    #......
c - Call Imp              Summ           ##......     28%         2    #......
d - Conjure Flame         Conj/Fire      #.......     54%         3    ###....

Your spell library contained the following spells:

 Spells                   Type           Power        Failure   Level  Hunger
 Slow                     Hex            #.......     47%         2    #......
 Mephitic Cloud           Conj/Pois/Air  #.......     63%         3    ###....


Dungeon Overview and Level Annotations

Branches:
Dungeon (7/15)
 Temple: D:4-7

Altars:
Wu Jian

Annotations:
D:1 exclusion: downstairs
D:2 Sigmund
D:5 Ijyb
D:6 exclusions: downstairs and upstairs, Maggie


Innate Abilities, Weirdness & Mutations

You have extremely sharp teeth.
Your natural rate of healing is unusually fast.
When hurt, damage is shared between your health and your magic reserves.
Your bite disrupts and absorbs the magic of your enemies.
Potions cannot restore your health.
You are immune to rotting.


Message History

The hippogriff screeches!
You bite the howler monkey, but do no damage.
The howler monkey hits you but does no damage.
You completely miss the hippogriff.
You bite the hippogriff, but do no damage.
The hippogriff is heavily wounded.
The hippogriff bites you.
* * * LOW HITPOINT WARNING * * *
The hippogriff pecks you.
* * * LOW HITPOINT WARNING * * *
The hippogriff claws you but does no damage.
The howler monkey hits you but does no damage.
It was a potion of might.
You feel very mighty all of a sudden. The howler monkey hits you.
* * * LOW HITPOINT WARNING * * *
The hippogriff bites you.
* * * LOW HITPOINT WARNING * * *
The hippogriff pecks you.
You die...

#. ... .... .....
######......
########..H@h......
#........####......
#........## #####
#.........#
#.........# #..
######.[.# #.#
#...# #.# ## .
#...# #.# g##..
#######'##
####.##gg...


You could see a hippogriff and a howler monkey.

Vanquished Creatures
  A bullfrog (D:6)
  An orc priest (D:5)
  A hound zombie (D:6)
  A gnoll (D:6)
  6 adders
  An ooze (D:1)
  An adder zombie (D:5)
  An adder skeleton (D:6)
  2 dart slugs
  5 orcs
  4 ball pythons
  4 bats
  3 giant cockroaches
  4 goblins
  6 hobgoblins
  11 jackals
  6 kobolds (D:1)
  5 rats
63 creatures vanquished.

Notes
Turn   | Place    | Note
-------+----------+-------------------------------------------
     0 | D:1      | Acheron the Vine Stalker Wizard began the quest for the
                  | Orb.
     0 | D:1      | Reached XP level 1. HP: 9/9 MP: 5/5
   702 | D:2      | Reached XP level 2. HP: 8/13 MP: 5/7
  1026 | D:2      | Reached XP level 3. HP: 11/17 MP: 7/9
  1382 | D:1      | Learned a level 2 spell: Blink
  1385 | D:1      | Learned a level 2 spell: Call Imp
  1669 | D:1      | Reached skill level 1 in Unarmed Combat
  1770 | D:2      | Noticed Sigmund
  2000 | D:1      | Learned a level 3 spell: Conjure Flame
  2149 | D:1      | Gained mutation: Your natural rate of healing is unusually
                  | fast. [Vine Stalker growth]
  2149 | D:1      | Reached XP level 4. HP: 20/21 MP: 8/10
  2317 | D:2      | Found an ornate altar of the Wu Jian Council.
  2466 | D:3      | Reached skill level 1 in Fighting
  2602 | D:3      | Reached skill level 4 in Spellcasting
  2764 | D:3      | Reached XP level 5. HP: 25/25 MP: 12/12
  2829 | D:5      | Entered Level 5 of the Dungeon
  2843 | D:5      | Reached skill level 1 in Short Blades
  2882 | D:5      | Noticed Ijyb
  2956 | D:6      | Noticed Maggie
  3005 | D:6      | Reached XP level 6. HP: 15/30 MP: 4/13
  3067 | D:6      | Noticed an orc warrior
  3188 | D:6      | Noticed a hippogriff
  3332 | D:6      | Slain by a hippogriff

Illustrated notes

Levels and vault maps discovered:
D:1:      co_arrival_square_in_a_square_in_a_square, layout_loops_ring
D:2:      layout_rooms, old_standard_altar, tso_oasis_becter, uniq_sigmund
D:3:      layout_loops_ring, kennysheep_slug_shrine
D:4:      wad_river_or_something, layout_rooms
D:5:      layout_rooms, minmay_temple_entry_hall, first_ration,
          uniq_blork_the_orc, uniq_ijyb
D:6:      layout_basic, minitemple, serial_shops, nicolae_shop_trees,
          kennysheep_minor_cross, uniq_maggie
D:7:      layout_basic, serial_shops, nicolae_shop_crystal,
          hellmonk_ghost_happy_afterlife

Skill      XL: |  1  2  3  4  5  6 |
---------------+-------------------+-----
Unarmed Combat | 1 |  1.0
Fighting       | 1 |  1.5
Dodging        | 2 |  2.1
Spellcasting   | 4 |  4.1
Short Blades   | 1 2 |  2.0
Stealth        | 3 |  3.1
Conjurations   | 2 |  2.0
Armour         | |  0.8
Summonings     | |  1.5
Translocations | |  1.4
Fire Magic     | |  0.4

Action                   |  1- 3 |  4- 6 || total
-------------------------+-------+-------++-------
Melee: Unarmed           |    83 |       ||    83
       Bite              |    28 |    28 ||    56
       Dagger            |    30 |       ||    30
       Short sword       |    19 |    43 ||    62
       Rapier            |       |    86 ||    86
 Cast: Magic Dart        |    33 |     5 ||    38
       Call Imp          |     4 |     2 ||     6
       Blink             |       |     1 ||     1
  Use: Potion            |     1 |     1 ||     2
       Scroll            |     3 |     5 ||     8
 Stab: Sleeping          |     2 |     1 ||     3
  Eat: Chunk             |     4 |     3 ||     7
       Ration            |       |     1 ||     1
Armor: Robe              |    29 |       ||    29
       Skin              |    13 |       ||    13
       Ring mail         |    11 |    59 ||    70
Dodge: Dodged            |    68 |    88 ||   156
